 Dungeon Crawl Stone Soup version 0.26-a0-30-g56b8cd3df0 (webtiles) character file.

Game seed: 17588548203432409760, levelgen mode: deterministic

6210 Lanoc the Frost Mage (level 11, -1/68 HPs)
             Began as a Formicid Ice Elementalist on June 2, 2020.
             Was a Follower of Ashenzari.
             Killed by miscasting Hailstorm (10 damage)
             ... on level 10 of the Dungeon.
             The game lasted 00:31:53 (12846 turns).

Lanoc the Frost Mage (Formicid Ice Elementalist)   Turns: 12846, Time: 00:31:54

Health: -1/68      AC:  4    Str: 14    XL:     11   Next: 14%
Magic:  16/23      EV: 20    Int: 17    God:    Ashenzari [*.....]
Gold:   573        SH:  0    Dex: 11    Spells: 3/14 levels left

rFire    . . .     SeeInvis +   D - +0 quarterstaff (curse)
rCold    . . .     Gourm    .   (no shield)
rNeg     . . .     Faith    +   a - +1 robe
rPois    .         Spirit   .   (helmet unavailable)
rElec    .         Reflect  .   l - +0 cloak
rCorr    .         Harm     .   (no gloves)
MR       +....                  (no boots)
Stlth    ++........             E - amulet of faith (curse)
HPRegen  0.21/turn              u - ring of magical power
MPRegen  0.18/turn              C - +4 ring of evasion (curse)

@: frozen ramparts, very slightly contaminated
A: permanent stasis, dig shafts and tunnels, four strong arms, antennae 3
a: Dig, Shaft Self, Curse Item, Scrying, Renounce Religion


You were on level 10 of the Dungeon.
You worshipped Ashenzari.
Ashenzari was aware of your devotion.
You were not hungry.

You visited 2 branches of the dungeon, and saw 11 of its levels.
You also visited: Sewer.

You collected 573 gold pieces.

Inventory:

Hand Weapons
 m - a +0 quarterstaff of protection
 D - a cursed +0 quarterstaff (weapon)
Missiles
 f - 5 silver javelins (quivered)
 t - a throwing net
Armour
 a - a +1 robe (worn)
 l - a +0 cloak (worn)
Jewellery
 j - an uncursed ring of protection from fire
 k - an uncursed amulet of magic regeneration
 n - a +6 ring of strength
 u - a ring of magical power (left hand)
 C - a cursed +4 ring of evasion (right hand)
 E - a cursed amulet of faith (around neck)
Wands
 d - a wand of clouds (3)
 s - a wand of digging (4)
 x - a wand of flame (17)
 y - a wand of disintegration (29)
 A - a wand of paralysis (6)
 B - a wand of iceblast (11)
Scrolls
 e - a scroll of identify
 h - 4 scrolls of enchant weapon
 p - a scroll of immolation
 w - a scroll of fog
Potions
 g - a potion of lignification {unknown}
 i - a potion of resistance
 o - 2 potions of stabbing
 q - 3 potions of might
 z - 3 potions of flight
Comestibles
 b - 3 chunks of flesh
 c - 16 rations


   Skills:
 + Level 8.8 Dodging
 - Level 2.4 Stealth
 - Level 2.1 Spellcasting
 * Level 13.3 Ice Magic


You had 3 spell levels left.
You knew the following spells:

 Your Spells              Type           Power        Failure   Level  Hunger
a - Freeze                Ice            ####         1%          1    #......
b - Frozen Ramparts       Ice            #####.       1%          3    ###....
c - Ozocubu's Armour      Chrm/Ice       ###.....     3%          3    ###....
d - Hailstorm             Conj/Ice       ###.....     12%         4    #####..

Your spell library contained the following spells:

 Spells                   Type           Power        Failure   Level  Hunger
 Summon Small Mammal      Summ           #...         19%         1    #......
 Call Imp                 Summ           #.......     28%         2    ###....
 Call Canine Familiar     Summ           #.......     50%         3    ###....
 Summon Guardian Golem    Hex/Summ       #.......     50%         3    ###....
 Summon Ice Beast         Ice/Summ       ###.....     12%         4    #####..
 Summon Lightning Spire   Summ/Air       #.......     88%         4    #####..


Dungeon Overview and Level Annotations

Branches:
Dungeon (10/15)            Temple (1/1) D:7            Lair (0/6) D:9
  Sewer (visited)
    Orc: D:9-12

Altars:
Ashenzari
Cheibriados
Dithmenos
Elyvilon
Fedhas
Gozag
Hepliaklqana
Kikubaaqudgha
Makhleb
Nemelex Xobeh
Okawaru
Qazlal
Ru
Sif Muna
Trog
Uskayaw
Vehumet
Wu Jian
Xom
Yredelemnul
Zin
The Shining One
Beogh

Annotations:
D:8 1 runed translucent door


Innate Abilities, Weirdness & Mutations

You cannot be hasted, slowed, berserked, paralysed or teleported.
You can dig through walls and to a lower floor.
Your four strong arms can wield two-handed weapons with a shield.
You have a pair of large antennae on your head. (SInv)


Message History

Press: ? - help, Shift-Dir - straight line, f - wyvern zombie
Aim: a wyvern zombie (almost destroyed)
You throw a silver javelin.
The silver javelin pierces through the wyvern zombie.
You destroy the wyvern zombie!
The frozen ramparts melt away.
f - 5 silver javelins (gained 1)
You start resting.
Magic restored.
A soldier ant comes into view.
The soldier ant twitches its antennae in your direction.
Casting: Frozen Ramparts (safe; 1% risk of failure)
Confirm with . or Enter, or press ? or * to list all spells.
The walls around you are covered in ice.
Casting: Frozen Ramparts (safe; 1% risk of failure)
Confirm with . or Enter, or press ? or * to list all spells.
You miscast Hailstorm.
You are very lightly contaminated with residual magic.
A wave of violent energy washes through your body!
You die...

#............##
#.............#
##......a.....#
#...#........#
#####........#
#....a...#
#####...##
#....# ##@...#
#####.....#
#.†.†...###
#####...# #####


You could see a soldier ant.

Vanquished Creatures
  An unseen horror (D:10)
  2 hippogriffs
  A hungry ghost (D:8)
  4 soldier ants (D:10)
  6 orc warriors
  3 ice beasts
  2 sky beasts
  A necrophage (D:8)
  A phantom (D:9)
  4 ogres
  A centaur (D:7)
  A big kobold (D:9)
  10 bullfrogs
  A wyvern zombie (D:10)
  2 scorpions
  9 killer bees (D:8)
  A wight (D:10)
  2 howler monkeys (D:9)
  6 crimson imps
  A quasit (D:8)
  A centaur zombie (D:9)
  A bullfrog zombie (D:8)
  4 hounds
  2 bullfrog skeletons
  A centaur skeleton (D:6)
  A jelly (D:8)
  10 orc priests
  2 iguanas
  10 orc wizards
  6 worker ants
  A killer bee zombie (D:8)
  A hound zombie (D:6)
  A hound skeleton (D:9)
  2 howler monkey skeletons
  3 gnolls (D:7)
  8 adders
  3 river rats (D:3)
  A shadow imp (D:8)
  7 oozes (Sewer)
  4 worms
  An adder skeleton (D:4)
  An adder zombie (D:6)
  A dart slug (D:4)
  13 leopard geckos
  58 orcs
  14 giant cockroaches
  9 goblins
  7 hobgoblins
  8 jackals
  10 kobolds
  4 quokkas
  9 ball pythons
  11 bats
  13 frilled lizards
  A jackal zombie (D:8)
  A quokka skeleton (D:8)
  10 rats
299 creatures vanquished.

Notes
Turn   | Place    | Note
-------+----------+-------------------------------------------
     0 | D:1      | Lanoc the Formicid Ice Elementalist began the quest for the
                  | Orb.
     0 | D:1      | Reached XP level 1. HP: 13/13 MP: 3/3
   261 | D:1      | Reached XP level 2. HP: 10/19 MP: 1/5
  1133 | D:2      | Reached XP level 3. HP: 22/24 MP: 2/6
  1149 | D:2      | Learned a level 3 spell: Frozen Ramparts
  1336 | D:2      | Found a shimmering altar of Xom.
  1337 | D:2      | Found a burning altar of Makhleb.
  1888 | D:3      | Reached XP level 4. HP: 27/30 MP: 4/7
  1917 | D:3      | Reached skill level 5 in Ice Magic
  2067 | D:3      | Found a glowing drain.
  2074 | D:3      | Reached XP level 5. HP: 33/35 MP: 2/8
  2082 | Sewer    | Entered a sewer
  2470 | Sewer    | Reached skill level 6 in Ice Magic
  2491 | Sewer    | Reached XP level 6. HP: 38/41 MP: 5/9
  2717 | D:3      | Learned a level 3 spell: Ozocubu's Armour
  2844 | D:3      | Reached XP level 7. HP: 46/46 MP: 6/10
  3083 | D:3      | Reached skill level 7 in Ice Magic
  4359 | D:5      | Entered Level 5 of the Dungeon
  4362 | D:5      | Found a sparkling altar of Nemelex Xobeh.
  4671 | D:5      | Reached XP level 8. HP: 24/52 MP: 11/11
  4940 | D:5      | Reached skill level 8 in Ice Magic
  5047 | D:5      | Found an opulent altar of Gozag.
  5047 | D:5      | Found an ancient bone altar of Kikubaaqudgha.
  5322 | D:6      | Reached skill level 5 in Dodging
  5845 | D:6      | Reached skill level 9 in Ice Magic
  6161 | D:6      | Found an ornate altar of the Wu Jian Council.
  6325 | D:6      | Reached XP level 9. HP: 48/57 MP: 12/12
  6628 | D:7      | Found a staircase to the Ecumenical Temple.
  6677 | Temple   | Entered the Ecumenical Temple
  6980 | Temple   | Became a worshipper of Ashenzari the Shackled
  7168 | D:7      | Reached skill level 10 in Ice Magic
  8425 | D:7      | Learned a level 4 spell: Hailstorm
  8646 | D:8      | Reached skill level 11 in Ice Magic
  9012 | D:8      | Reached XP level 10. HP: 63/63 MP: 13/13
  9699 | D:8      | Found a runed translucent door.
  9699 | D:8      | Found a runed translucent door.
  9699 | D:8      | Noticed a cyclops
  9985 | D:8      | Reached skill level 12 in Ice Magic
 10624 | D:8      | Found a white marble altar of Elyvilon.
 10624 | D:8      | Found a glowing golden altar of the Shining One.
 11065 | D:9      | Found a staircase to the Lair.
 11439 | D:9      | Found a roughly hewn altar of Beogh.
 11777 | D:9      | Reached * piety under Ashenzari
 12475 | D:10     | Entered Level 10 of the Dungeon
 12475 | D:10     | Noticed an unseen horror
 12481 | D:10     | Killed an unseen horror
 12481 | D:10     | Reached skill level 13 in Ice Magic
 12481 | D:10     | Reached XP level 11. HP: 56/68 MP: 14/14
 12846 | D:10     | Killed by miscasting Hailstorm

Illustrated notes

Levels and vault maps discovered:
D:1:      dpeg_arrival_ratfight, layout_rooms, nrook_mini_backslash
D:2:      layout_basic, gammafunk_temple_overflow_statue, serial_park_tiny_2,
          roderic_lattice_a, minmay_misc_feat_x
D:3:      minmay_chambers_of_twos, layout_loops_ring, portal_sewer_entry_b
D:4:      layout_basic, first_ration, serial_glass, glass_columns_b,
          glass_columns_a
D:5:      layout_gridville, amethyst_overflow_temple_binary,
          nemelex_diamond_rough_becter
D:6:      layout_layer_cave, kennysheep_mini_moat
D:7:      layout_gridville, minmay_temple_entry_tees
D:8:      minmay_the_grid_triangle_9x9_rhombus_full
          [minmay_the_grid_triangle_9x9_semitri,
          minmay_the_grid_triangle_9x9_tough_junction,
          minmay_the_grid_triangle_9x9_longest,
          minmay_the_grid_triangle_9x9_sprig,
          minmay_the_grid_triangle_9x9_odd_lines,
          minmay_the_grid_triangle_9x9_pentomino_pain,
          minmay_the_grid_triangle_9x9_stretched_checkered,
          minmay_the_grid_triangle_9x9_prize_top_heavy], layout_cave_pods,
          gammafunk_temple_overflow_elements
D:9:      layout_roguey [special_room_orc], lair_entry_dummy,
          blue_anna_alchemist [blue_anna_fruit_fields, blue_anna_fruit_fields],
          corexii_hall_statues_l
D:10:     layout_cross, david_orc_4, minivault_29
Temple:   regret_index_temple_generic_petals

Skill      XL: |  1  2  3  4  5  6  7  8  9 10 |
---------------+-------------------------------+-----
Dodging        | 2 3 4 5 7 8 |  8.8
Ice Magic      | 5 6 7 9 11 13 | 13.3
Stealth        | |  2.4
Spellcasting   | |  2.1

Action                   |  1- 3 |  4- 6 |  7- 9 | 10-12 || total
-------------------------+-------+-------+-------+-------++-------
Melee: Unarmed           |    25 |    43 |    67 |       ||   135
       Quarterstaff      |       |       |    90 |   180 ||   270
Throw: Javelin           |       |       |    17 |    13 ||    30
 Cast: Freeze            |    60 |    50 |   103 |    34 ||   247
       Frozen Ramparts   |       |    19 |    58 |    34 ||   111
       Hailstorm         |       |       |       |     9 ||     9
       Ozocubu's Armour  |       |       |       |     1 ||     1
Invok: Curse Item        |       |       |     3 |       ||     3
 Abil: Dig               |       |     1 |     1 |     3 ||     5
  Use: Scroll            |     7 |     1 |     7 |     4 ||    19
       Potion            |       |       |     6 |     1 ||     7
 Stab: Sleeping          |     1 |       |       |     2 ||     3
       Invisible         |       |       |     1 |       ||     1
  Eat: Chunk             |     4 |     6 |    24 |    11 ||    45
       Ration            |       |       |     1 |     6 ||     7
Armor: Robe              |    14 |    20 |    38 |    22 ||    94
Dodge: Dodged            |    54 |    82 |   252 |   263 ||   651

Table legend:
 A = Non-vault XP
 B = Vault XP
 C = Vault XP percentage of total XP
 D = Non-vault monster count
 E = Vault monster count
 F = Vault count percentage of total count
                 A         B        C        D         E       F
            +---------+---------+-------+---------+---------+-------
      Total |    6710 |    2162 |  24.4 |     197 |     102 |  34.1
            +---------+---------+-------+---------+---------+-------
        D:1 |      19 |       5 |  20.8 |      12 |       5 |  29.4
        D:2 |      33 |       0 |   0.0 |      17 |       0 |   0.0
        D:3 |     180 |      57 |  24.1 |      29 |      14 |  32.6
        D:4 |     247 |       0 |   0.0 |      15 |       0 |   0.0
        D:5 |     293 |       0 |   0.0 |       7 |       0 |   0.0
        D:6 |     833 |       0 |   0.0 |      20 |       0 |   0.0
        D:7 |    1032 |       0 |   0.0 |      27 |       0 |   0.0
        D:8 |    1819 |     666 |  26.8 |      47 |       6 |  11.3
        D:9 |    1262 |     343 |  21.4 |      19 |      27 |  58.7
       D:10 |     992 |     773 |  43.8 |       4 |       8 |  66.7
      Sewer |       0 |     318 | 100.0 |       0 |      42 | 100.0
            +---------+---------+-------+---------+---------+-------
